[Event "Eurasia Open Cup 2019"]
[Site "Ekaterinburg"]
[Date "2019.08.02"]
[Round "3.27"]
[White "Averyanov, Grigori"]
[Black "Tunik, Gennady"]
[Result "1/2-1/2"]
[ECO "A17"]
[WhiteElo "2131"]
[BlackElo "2371"]
[Annotator "NA"]
[PlyCount "136"]
[EventDate "2019.07.31"]
[EventType "swiss"]
[EventCountry "RUS"]
[SourceTitle "playchess.com"]
[Source "ChessBase"]
[SourceQuality "1"]
[TimeControl "5400+30"]

1. Nf3 Nf6 2. c4 e6 3. Nc3 Bb4 4. Qc2 c5 5. a3 Ba5 6. g3 Nc6 7. Bg2 O-O 8. O-O d6 9. d3 h6 10. Rb1 Rb8 11. e4 Ng4 12. Ne2 Nge5 13. Ne1 Ng6 14. f4 Nge7 15. Be3 f5 16. Nf3 Bb6 17. Bf2 a5 18. Rbd1 e5 19. fxe5 dxe5 20. Nc3 Nd4 21. Nxd4 exd4 22. Ne2 fxe4 23. Bxe4 Bc7 24. b4 axb4 25. axb4 b6 26. bxc5 bxc5 27. Rb1 Bf5 28. Rxb8 Bxb8 29. Bg2 Ng6 30. h3 h5 31. Qd1 Qd7 32. Bd5+ Be6 33. Be4 Ne7 34. Nc1 g6 35. h4 Bg4 36. Qd2 Nf5 37. Qg5 Kg7 38. Be1 Qd8 39. Qxd8 Rxd8 40. Bxf5 Bxf5 41. Ba5 Re8 42. Re1 Rc8 43. Kg2 Bd6 44. Bd2 Rb8 45. Re2 Rb1 46. Rf2 Kg8 47. Bg5 Kf7 48. Ra2 Ke6 49. Re2+ Kd7 50. Ra2 Kc7 51. Ra7+ Kb6 52. Ra2 Kb7 53. Bh6 Rb6 54. Bg5 Ra6 55. Rxa6 Kxa6 56. Bd2 Kb6 57. Kf2 Kc6 58. Kf3 Kd7 59. Bf4 Be7 60. Ke2 Bg4+ 61. Kd2 Bf3 62. Nb3 Bc6 63. Ke2 Ke6 64. Nd2 Kf5 65. Nf3 Be8 66. Kf2 Bc6 67. Ke2 Be8 68. Kf2 Bc6 1/2-1/2

[Event "Eurasia Open Cup 2019"]
[Site "Ekaterinburg"]
[Date "2019.08.02"]
[Round "3.28"]
[White "Vinokur, Yuliya"]
[Black "Postnikov, Daniil"]
[Result "1/2-1/2"]
[ECO "D87"]
[WhiteElo "2013"]
[BlackElo "2354"]
[Annotator "NA"]
[PlyCount "141"]
[EventDate "2019.07.31"]
[EventType "swiss"]
[EventCountry "RUS"]
[SourceTitle "playchess.com"]
[Source "ChessBase"]
[SourceQuality "1"]
[TimeControl "5400+30"]

1. d4 Nf6 2. c4 g6 3. Nc3 d5 4. cxd5 Nxd5 5. e4 Nxc3 6. bxc3 Bg7 7. Bc4 c5 8. Ne2 Nc6 9. Be3 O-O 10. O-O Bd7 11. Rb1 Qc7 12. Bd3 Rad8 13. Qc1 f5 14. e5 Be6 15. Rd1 Bxa2 16. Rb2 Bf7 17. f4 c4 18. Bc2 Bd5 19. Ng3 Na5 20. Qa1 b6 21. Nf1 e6 22. Bf2 Bh6 23. Bh4 Bxf4 24. Bxd8 Qxd8 25. Re1 Ba8 26. Bd1 Rf7 27. Rf2 Bh6 28. Ne3 b5 29. Ra2 Qh4 30. Ree2 f4 31. Nf1 f3 32. Rf2 fxg2 33. Rxf7 gxf1=Q+ 34. Kxf1 Kxf7 35. Rf2+ Ke8 36. Qxa5 Bc6 37. Qc7 Bd7 38. Qb8+ Qd8 39. Qxa7 Qh4 40. Qa8+ Qd8 41. Qe4 Qg5 42. Qf3 Qc1 43. Kg2 Qg5+ 44. Kh1 Qe3 45. Qa8+ Ke7 46. Qa3+ Ke8 47. Qa8+ Ke7 48. Kg1 Qxc3 49. Qh8 Qxd4 50. Qf6+ Ke8 51. Qh8+ Ke7 52. Qf6+ Ke8 53. Qh8+ Ke7 54. Qf6+ Ke8 55. Bc2 Qa1+ 56. Rf1 Qd4+ 57. Rf2 Qg4+ 58. Kf1 Qh3+ 59. Kg1 Qg4+ 60. Kf1 Qh3+ 61. Kg1 Qg4+ 62. Kf1 Qh3+ 63. Kg1 b4 64. Qh8+ Ke7 65. Qf6+ Ke8 66. Qh8+ Ke7 67. Qf6+ Ke8 68. Qh8+ Ke7 69. Qf6+ Ke8 70. Qh8+ Ke7 71. Qf6+ 1/2-1/2

[Event "Eurasia Open Cup 2019"]
[Site "Ekaterinburg"]
[Date "2019.08.02"]
[Round "3.29"]
[White "Voinikonis, Nikita"]
[Black "Klukin, Kirill"]
[Result "1/2-1/2"]
[ECO "A45"]
[WhiteElo "2137"]
[BlackElo "2325"]
[Annotator "NA"]
[PlyCount "82"]
[EventDate "2019.07.31"]
[EventType "swiss"]
[EventCountry "RUS"]
[SourceTitle "playchess.com"]
[Source "ChessBase"]
[SourceQuality "1"]
[TimeControl "5400+30"]

1. d4 Nf6 2. Bg5 e6 3. e4 h6 4. Bxf6 Qxf6 5. c3 d6 6. Nd2 g6 7. Bc4 Bg7 8. Ngf3 O-O 9. Qe2 Nd7 10. O-O a6 11. a4 Qe7 12. a5 e5 13. dxe5 dxe5 14. b4 Nf6 15. Nb3 Nh5 16. Qe3 Nf4 17. g3 Be6 18. Bxe6 Nxe6 19. Rad1 Rfc8 20. Nfd2 b5 21. axb6 cxb6 22. Qxb6 Rxc3 23. Ra1 Rcc8 24. b5 axb5 25. Rxa8 Rxa8 26. Qxb5 Nd4 27. Nxd4 exd4 28. Rd1 Kh7 29. h4 Ra2 30. Qd5 Qa7 31. h5 Ra5 32. hxg6+ fxg6 33. Qd6 Ra2 34. Qd5 Qa6 35. Qc4 Qa5 36. Nf3 Ra4 37. Qc6 Ra3 38. e5 Bxe5 39. Nxe5 Qxe5 40. Qd7+ Qg7 41. Qxg7+ Kxg7 1/2-1/2

[Event "Eurasia Open Cup 2019"]
[Site "Ekaterinburg"]
[Date "2019.08.02"]
[Round "3.31"]
[White "Tyurin, Ilya"]
[Black "Drygalov, Andrey"]
[Result "0-1"]
[ECO "D38"]
[WhiteElo "2168"]
[BlackElo "2494"]
[Annotator "ChessBase"]
[PlyCount "152"]
[EventDate "2019.07.31"]
[EventType "swiss"]
[EventCountry "RUS"]
[SourceTitle "playchess.com"]
[Source "ChessBase"]
[SourceQuality "1"]
[TimeControl "5400+30"]

1. Nf3 d5 2. d4 Nf6 3. c4 e6 4. Nc3 Bb4 5. Bg5 h6 6. Bxf6 Qxf6 7. e3 O-O 8. Rc1 c6 9. Be2 Nd7 10. O-O Rd8 11. Qc2 Qe7 12. a3 Bd6 13. e4 dxe4 14. Nxe4 Bf4 15. Rcd1 b6 16. b4 Bb7 17. c5 Rac8 18. Bc4 a5 19. Ba2 b5 20. Bb1 Nf8 21. Ne5 f6 22. Nf3 axb4 23. axb4 Ra8 24. Nc3 Qf7 25. Qe4 Bb8 26. Bc2 Ra3 27. Nb1 Ra6 28. Nc3 Ra3 29. Nb1 Ra6 30. Nc3 Bc7 31. Ra1 Rda8 32. Rxa6 Rxa6 33. Bb3 Bc8 34. Bc2 Bd7 35. Rb1 Be8 36. Qe1 Qd7 37. Qe3 Bf7 38. Ne2 Qc8 39. Ng3 Qa8 40. Nh4 Ra3 41. Qc1 Ra6 42. Qe3 Ra1 43. Qc1 Rxb1 44. Qxb1 Qa3 45. Be4 Be8 46. Nf3 Bd8 47. Bc2 Bc7 48. Be4 Kf7 49. Nf1 Ke7 50. Ng3 g5 51. Nf1 g4 52. N3d2 Qc3 53. Qd3 Qxb4 54. Qe3 h5 55. d5 cxd5 56. Bxd5 Bf4 57. Qe2 Qxc5 58. Be4 f5 59. Bb1 Ng6 60. Ba2 Ne5 61. Nb3 Qd5 62. Na5 Qd4 63. Qc2 Nd3 64. Bb1 Nc5 65. Ba2 h4 66. g3 hxg3 67. hxg3 Bd6 68. Ne3 Qa4 69. Nb3 Qe4 70. Qc3 Nxb3 71. Bxb3 Bd7 72. Bc2 Qe5 73. Qa5 Bc5 74. Qd2 Bc6 75. Nxf5+ exf5 76. Qg5+ Qf6 0-1

[Event "Eurasia Open Cup 2019"]
[Site "Ekaterinburg"]
[Date "2019.08.02"]
[Round "3.32"]
[White "Davtyan, Artur"]
[Black "Fomin, Pavel V."]
[Result "1-0"]
[ECO "A43"]
[WhiteElo "2440"]
[BlackElo "2103"]
[Annotator "NA"]
[PlyCount "89"]
[EventDate "2019.07.31"]
[EventType "swiss"]
[EventCountry "RUS"]
[SourceTitle "playchess.com"]
[Source "ChessBase"]
[SourceQuality "1"]
[TimeControl "5400+30"]

1. d4 c5 2. d5 Nf6 3. Nc3 e6 4. e4 exd5 5. e5 Ng8 6. Qxd5 Ne7 7. Qe4 a6 8. Bc4 d5 9. Nxd5 Nbc6 10. Nxe7 Bxe7 11. Nf3 Be6 12. Be3 Qb6 13. Bxe6 fxe6 14. O-O O-O 15. c3 Rf5 16. Rad1 Qc7 17. Bf4 Raf8 18. Bg3 b5 19. Rd2 Rd8 20. Rxd8+ Bxd8 21. Rd1 Be7 22. h4 g6 23. Bf4 Rf8 24. Bg5 Rd8 25. Rxd8+ Bxd8 26. Bxd8 Nxd8 27. Qa8 h6 28. Qxa6 Qd7 29. Qd6 Qxd6 30. exd6 Nb7 31. d7 Kf7 32. Ne5+ Ke7 33. f4 c4 34. Nxg6+ Kxd7 35. Ne5+ Ke7 36. Nc6+ Kf6 37. Nd4 Nd6 38. g4 e5 39. g5+ hxg5 40. hxg5+ Ke7 41. fxe5 Nf7 42. Nf3 Ke6 43. g6 Nh6 44. Kf2 Kf5 45. g7 1-0

[Event "Eurasia Open Cup 2019"]
[Site "Ekaterinburg"]
[Date "2019.08.02"]
[Round "3.33"]
[White "Kolomensky, Vladimir"]
[Black "Radzhabov, Rodion"]
[Result "0-1"]
[ECO "B47"]
[WhiteElo "2101"]
[BlackElo "2404"]
[Annotator "NA"]
[PlyCount "116"]
[EventDate "2019.07.31"]
[EventType "swiss"]
[EventCountry "RUS"]
[SourceTitle "playchess.com"]
[Source "ChessBase"]
[SourceQuality "1"]
[TimeControl "5400+30"]

1. e4 c5 2. Nf3 Nc6 3. d4 cxd4 4. Nxd4 Qc7 5. Nc3 e6 6. g3 a6 7. Bg2 Nf6 8. O-O Bc5 9. Nxc6 dxc6 10. Na4 Ba7 11. c4 e5 12. c5 Be6 13. Qc2 O-O 14. h3 Qe7 15. Be3 Ne8 16. Qc3 f6 17. Rfd1 Nc7 18. Nb6 Nb5 19. Qc2 Rad8 20. b4 Bxb6 21. cxb6 Qxb4 22. Bc5 Qc3 23. Rdc1 Qxc2 24. Rxc2 Rf7 25. f4 Rfd7 26. fxe5 fxe5 27. Rf2 Rd2 28. Raf1 Rxf2 29. Rxf2 Nc3 30. a3 Na4 31. Be7 Re8 32. Bd6 Nxb6 33. Bf1 Nc4 34. Bxc4 Bxc4 35. a4 Bd3 36. a5 Bxe4 37. Re2 Rd8 38. Bxe5 Bf5 39. g4 Bd3 40. Re3 c5 41. Bc3 Rd7 42. Re5 c4 43. Kf2 Kf7 44. h4 g6 45. h5 gxh5 46. gxh5 Rc7 47. Kg3 Rc6 48. Rg5 b5 49. Rg7+ Ke6 50. Rb7 Kd5 51. Kf4 Kc5 52. Re7 Rd6 53. Rc7+ Kd5 54. Rc8 Be2 55. Kg5 Ke4 56. Bb4 Rd5+ 57. Kf6 Rxh5 58. Rd8 Rh3 0-1

[Event "Eurasia Open Cup 2019"]
[Site "Ekaterinburg"]
[Date "2019.08.02"]
[Round "3.34"]
[White "Grebnev, Aleksey"]
[Black "Dilmukhametov, Artur"]
[Result "1/2-1/2"]
[ECO "A23"]
[WhiteElo "2093"]
[BlackElo "2346"]
[Annotator "NA"]
[PlyCount "80"]
[EventDate "2019.07.31"]
[EventType "swiss"]
[EventCountry "RUS"]
[SourceTitle "playchess.com"]
[Source "ChessBase"]
[SourceQuality "1"]
[TimeControl "5400+30"]

1. c4 e5 2. Nc3 Nf6 3. g3 c6 4. Bg2 d5 5. cxd5 cxd5 6. Qb3 e4 7. f3 Na6 8. fxe4 Nc5 9. Qc2 dxe4 10. Nxe4 Ncxe4 11. Bxe4 Nxe4 12. Qxe4+ Be7 13. Nf3 O-O 14. O-O Bf6 15. d4 Re8 16. Qd3 Qd5 17. e3 Bg4 18. Ne1 Bd7 19. Qb3 Qxb3 20. axb3 Be6 21. Bd2 Bxb3 22. Ng2 Bd5 23. Nf4 Be4 24. Rfc1 b6 25. Kf2 a5 26. Rc7 Bd8 27. Rc4 Be7 28. Rc7 Bd6 29. Rd7 Bf8 30. Nd5 Rab8 31. Nc3 Bf5 32. Rc7 Bd6 33. Rc6 Bb4 34. Ke2 b5 35. Nd5 Bg4+ 36. Kd3 Bf5+ 37. Ke2 Bg4+ 38. Kd3 Bf5+ 39. Ke2 Bg4+ 40. Kd3 Bf5+ 1/2-1/2

[Event "Eurasia Open Cup 2019"]
[Site "Ekaterinburg"]
[Date "2019.08.02"]
[Round "3.35"]
[White "Mukhina, Jana"]
[Black "Semenova, Elena"]
[Result "1/2-1/2"]
[ECO "C68"]
[WhiteElo "2090"]
[BlackElo "2286"]
[Annotator "NA"]
[PlyCount "129"]
[EventDate "2019.07.31"]
[EventType "swiss"]
[EventCountry "RUS"]
[SourceTitle "playchess.com"]
[Source "ChessBase"]
[SourceQuality "1"]
[TimeControl "5400+30"]

1. e4 e5 2. Nf3 Nc6 3. Bb5 a6 4. Bxc6 dxc6 5. O-O Bd6 6. d4 exd4 7. Qxd4 f6 8. Re1 Ne7 9. e5 fxe5 10. Nxe5 O-O 11. Bg5 Qe8 12. Nc4 Nf5 13. Rxe8 Nxd4 14. Rxf8+ Bxf8 15. Ne3 h6 16. Bh4 Nf5 17. Bg3 Nxe3 18. fxe3 Bc5 19. Bf2 Bf5 20. Nd2 Rd8 21. Nb3 Bb6 22. c4 c5 23. Be1 Re8 24. Bf2 Rd8 25. Rc1 a5 26. Be1 a4 27. Na1 c6 28. Nc2 Bc7 29. Bc3 b5 30. a3 Bd3 31. cxb5 cxb5 32. Ne1 Be4 33. Nf3 Rd3 34. Kf2 Bb6 35. Ke2 Rd8 36. Rd1 Rxd1 37. Kxd1 Bc7 38. h3 Bd6 39. Ke2 b4 40. Bd2 Kf7 41. Ne1 Ke6 42. axb4 cxb4 43. Nd3 Bxg2 44. Bxb4 Bxb4 45. Nf4+ Ke5 46. Nxg2 g5 47. Kd3 Kd5 48. e4+ Ke5 49. Ne3 Bf8 50. Ng4+ Kf4 51. Kd4 Bg7+ 52. e5 h5 53. Nf6 Kf5 54. Nd7 g4 55. hxg4+ hxg4 56. Kd5 g3 57. e6 Bf6 58. Nxf6 Kxf6 59. Kd6 g2 60. e7 g1=Q 61. e8=Q Qg3+ 62. Kd5 Qb3+ 63. Kc5 Qc2+ 64. Kb4 Qxb2+ 65. Kxa4 1/2-1/2

[Event "Eurasia Open Cup 2019"]
[Site "Ekaterinburg"]
[Date "2019.08.02"]
[Round "3.36"]
[White "Karpeshov, Oleg"]
[Black "Abramov, Ilya"]
[Result "1/2-1/2"]
[ECO "C05"]
[WhiteElo "2286"]
[BlackElo "2065"]
[Annotator "NA"]
[PlyCount "93"]
[EventDate "2019.07.31"]
[EventType "swiss"]
[EventCountry "RUS"]
[SourceTitle "playchess.com"]
[Source "ChessBase"]
[SourceQuality "1"]
[TimeControl "5400+30"]

1. e4 e6 2. d4 d5 3. Nd2 Nf6 4. e5 Nfd7 5. f4 c5 6. c3 cxd4 7. cxd4 Nc6 8. Ndf3 Qb6 9. g3 Bb4+ 10. Kf2 O-O 11. Kg2 f6 12. Bd3 Kh8 13. Bb1 Rd8 14. h4 Be7 15. h5 Nf8 16. Ne2 Bd7 17. g4 Rac8 18. b3 Nb4 19. exf6 Bxf6 20. g5 Be7 21. Ne5 Be8 22. Be3 Qc7 23. Qd2 Nc2 24. Rc1 Nxe3+ 25. Qxe3 Qb6 26. Rh1 Bd6 27. f5 Bxe5 28. Qxe5 Qd6 29. Nf4 Qxe5 30. dxe5 d4 31. Kf2 Rc5 32. Re1 Bc6 33. Bd3 exf5 34. e6 Re8 35. Rad1 Rc3 36. Re5 g6 37. h6 b6 38. b4 Ra3 39. Rd2 Re7 40. Be2 Re3 41. Rxe3 dxe3+ 42. Kxe3 Nxe6 43. Nxe6 Rxe6+ 44. Kf2 Re8 45. b5 Be4 46. Rd7 Rc8 47. Ke3 1/2-1/2

[Event "Eurasia Open Cup 2019"]
[Site "Ekaterinburg"]
[Date "2019.08.02"]
[Round "3.37"]
[White "Bogachkova, Alena"]
[Black "Pogorelskikh, Sergey"]
[Result "0-1"]
[ECO "B67"]
[WhiteElo "2085"]
[BlackElo "2284"]
[Annotator "NA"]
[PlyCount "78"]
[EventDate "2019.07.31"]
[EventType "swiss"]
[EventCountry "RUS"]
[SourceTitle "playchess.com"]
[Source "ChessBase"]
[SourceQuality "1"]
[TimeControl "5400+30"]

1. e4 c5 2. Ne2 Nc6 3. d4 cxd4 4. Nxd4 Nf6 5. Nc3 d6 6. Bg5 e6 7. Qd2 a6 8. O-O-O Bd7 9. f4 b5 10. Nf3 b4 11. Nd5 exd5 12. exd5 Ne7 13. Bxf6 gxf6 14. Qxb4 Qc7 15. c4 Bh6 16. g3 O-O 17. Qc3 Bg7 18. h3 Rab8 19. Rh2 f5 20. Nd4 Qb6 21. Rc2 Rfc8 22. Bg2 Bb5 23. b3 Qc5 24. Rd3 Bd7 25. Kd1 Kf8 26. Bf3 Ng8 27. Qd2 Nf6 28. Nc6 Bxc6 29. dxc6 Rxc6 30. Bxc6 Qxc6 31. Rxd6 Qf3+ 32. Kc1 Re8 33. Rd8 Ne4 34. Rxe8+ Kxe8 35. Qe2 Qxg3 36. c5 Qg1+ 37. Qd1 Qe3+ 38. Kb1 Nc3+ 39. Rxc3 Qxc3 0-1

[Event "Eurasia Open Cup 2019"]
[Site "Ekaterinburg"]
[Date "2019.08.02"]
[Round "3.38"]
[White "Tsybikov, Tumen"]
[Black "Lysenko, Maria"]
[Result "1-0"]
[ECO "B33"]
[WhiteElo "2281"]
[BlackElo "2064"]
[Annotator "NA"]
[PlyCount "109"]
[EventDate "2019.07.31"]
[EventType "swiss"]
[EventCountry "RUS"]
[SourceTitle "playchess.com"]
[Source "ChessBase"]
[SourceQuality "1"]
[TimeControl "5400+30"]

1. e4 c5 2. Nf3 Nc6 3. d4 cxd4 4. Nxd4 e5 5. Nb5 d6 6. N1c3 a6 7. Na3 b5 8. Nd5 Nf6 9. Bg5 Be7 10. Bxf6 Bxf6 11. c3 Bg5 12. Nc2 Ne7 13. h4 Bh6 14. Ncb4 O-O 15. g3 a5 16. Nxe7+ Qxe7 17. Nd5 Qb7 18. Qb3 Rb8 19. Bh3 Be6 20. Rd1 Kh8 21. Qc2 Qd7 22. Bg2 f5 23. exf5 Bxf5 24. Be4 Bxe4 25. Qxe4 Qf7 26. O-O g6 27. Kg2 Qf5 28. Qxf5 gxf5 29. Ne7 Rf6 30. Nc6 Rc8 31. Nxa5 Ra8 32. Nb7 Bf8 33. Rd5 Rf7 34. Nxd6 Rd7 35. Rfd1 Bxd6 36. Rxd6 Rxd6 37. Rxd6 Rxa2 38. Rd5 Rxb2 39. Rxe5 f4 40. g4 Rb3 41. Rc5 Kg7 42. Kf3 b4 43. Kxf4 bxc3 44. Kg5 Rb2 45. f4 c2 46. Rc7+ Kg8 47. f5 Ra2 48. Kh6 Ra6+ 49. Kh5 Ra2 50. g5 Rb2 51. Kh6 Rb6+ 52. g6 Rb8 53. Rxc2 Rf8 54. h5 hxg6 55. hxg6 1-0

[Event "Eurasia Open Cup 2019"]
[Site "Ekaterinburg"]
[Date "2019.08.02"]
[Round "3.39"]
[White "Karpytchev, Vladimir"]
[Black "Isanzhulov, Arystan"]
[Result "0-1"]
[ECO "B01"]
[WhiteElo "2043"]
[BlackElo "2278"]
[Annotator "NA"]
[PlyCount "99"]
[EventDate "2019.07.31"]
[EventType "swiss"]
[EventCountry "RUS"]
[SourceTitle "playchess.com"]
[Source "ChessBase"]
[SourceQuality "1"]
[TimeControl "5400+30"]

1. e4 Nc6 2. Nf3 d5 3. exd5 Qxd5 4. Nc3 Qa5 5. d4 Nf6 6. Bb5 Bd7 7. O-O O-O-O 8. Qe2 a6 9. Bxc6 Bxc6 10. Ne5 Be8 11. Be3 e6 12. a3 Nd5 13. Ne4 f6 14. b4 Qa4 15. Nd3 Bg6 16. Nec5 Bxc5 17. Nxc5 Qxc2 18. Qxc2 Bxc2 19. Nxe6 Rd6 20. Nc5 g5 21. Rac1 Bg6 22. Rfe1 Kb8 23. Bd2 Ka7 24. f3 Rc6 25. Kf2 b6 26. Ne4 Rxc1 27. Bxc1 Rd8 28. g3 Kb7 29. Bb2 Bxe4 30. fxe4 Ne7 31. Ke3 f5 32. Rf1 Re8 33. e5 Kc6 34. Rc1+ Kd7 35. Kd3 b5 36. Rf1 Ke6 37. g4 Rf8 38. Bc1 h6 39. h4 gxh4 40. Bxh6 Rg8 41. gxf5+ Nxf5 42. Bf4 Rg4 43. Rf2 Kd5 44. e6 Kxe6 45. Ke4 c6 46. Kf3 Rg8 47. Be5 Kd5 48. Rc2 Ke6 49. Re2 Kf7 50. Bf4 0-1

[Event "Eurasia Open Cup 2019"]
[Site "Ekaterinburg"]
[Date "2019.08.02"]
[Round "3.40"]
[White "Protopopova, Anastasiya"]
[Black "Kozlov, Denis"]
[Result "1-0"]
[ECO "A62"]
[WhiteElo "2272"]
[BlackElo "2013"]
[Annotator "NA"]
[PlyCount "55"]
[EventDate "2019.07.31"]
[EventType "swiss"]
[EventCountry "RUS"]
[SourceTitle "playchess.com"]
[Source "ChessBase"]
[SourceQuality "1"]
[TimeControl "5400+30"]

1. d4 Nf6 2. c4 e6 3. g3 c5 4. d5 exd5 5. cxd5 d6 6. Nc3 g6 7. Bg2 Bg7 8. Nf3 O-O 9. O-O Re8 10. Bf4 Ne4 11. Nxe4 Rxe4 12. Nd2 Rxf4 13. gxf4 Bxb2 14. Rb1 Bg7 15. Qb3 Na6 16. e4 Rb8 17. Qg3 Qc7 18. Rfe1 b5 19. e5 Bf5 20. Be4 Qd7 21. Rbd1 Rc8 22. Bxf5 gxf5 23. Nf3 Nc7 24. Kh1 Kh8 25. exd6 Qxd6 26. Ne5 Kg8 27. Nc6 Re8 28. Rg1 1-0

[Event "Eurasia Open Cup 2019"]
[Site "Ekaterinburg"]
[Date "2019.08.02"]
[Round "3.41"]
[White "Fedorov, Ivan"]
[Black "Mamatov, Melis"]
[Result "0-1"]
[ECO "A07"]
[WhiteElo "1997"]
[BlackElo "2269"]
[Annotator "NA"]
[PlyCount "66"]
[EventDate "2019.07.31"]
[EventType "swiss"]
[EventCountry "RUS"]
[SourceTitle "playchess.com"]
[Source "ChessBase"]
[SourceQuality "1"]
[TimeControl "5400+30"]

1. Nf3 d5 2. g3 Nf6 3. Bg2 Bf5 4. O-O Nc6 5. b4 Nxb4 6. Nd4 Bd7 7. c4 Nc6 8. Bb2 e6 9. Nc2 Be7 10. Nc3 dxc4 11. e4 Ne5 12. Rb1 Nd3 13. Ne3 e5 14. Ba1 b6 15. Nxc4 Be6 16. Nxe5 Nxe5 17. d4 Ng6 18. h3 O-O 19. f4 Bc4 20. Rf2 Re8 21. f5 Nf8 22. Rbb2 c5 23. Rbd2 cxd4 24. Rxd4 Qc7 25. e5 Rad8 26. exf6 Rxd4 27. Qxd4 Bxf6 28. Qd1 Qxg3 29. Bb2 Bd4 30. Ne4 Bxf2+ 31. Nxf2 Re2 32. Bd4 Bd5 33. Qf1 Re1 0-1

[Event "Eurasia Open Cup 2019"]
[Site "Ekaterinburg"]
[Date "2019.08.02"]
[Round "3.42"]
[White "Garifullina, Leya"]
[Black "Makhrov, Alexander"]
[Result "1-0"]
[ECO "B76"]
[WhiteElo "2268"]
[BlackElo "1994"]
[Annotator "ChessBase"]
[PlyCount "55"]
[EventDate "2019.07.31"]
[EventType "swiss"]
[EventCountry "RUS"]
[SourceTitle "playchess.com"]
[Source "ChessBase"]
[SourceQuality "1"]
[TimeControl "5400+30"]

1. e4 c5 2. Nf3 d6 3. d4 cxd4 4. Nxd4 Nf6 5. Nc3 g6 6. Be3 Bg7 7. f3 Nc6 8. Qd2 O-O 9. O-O-O Nxd4 10. Bxd4 Be6 11. Kb1 Re8 12. Bb5 Nd7 13. Bxg7 Kxg7 14. g4 a6 15. Be2 Qa5 16. h4 h6 17. f4 b5 18. h5 Rh8 19. Qd4+ f6 20. hxg6 b4 21. Nd5 Bxd5 22. exd5 Nc5 23. Qe3 Qc7 24. f5 Na4 25. Bc4 Qa7 26. Qe6 Rhf8 27. g5 fxg5 28. Rxh6 1-0

[Event "Eurasia Open Cup 2019"]
[Site "Ekaterinburg"]
[Date "2019.08.02"]
[Round "3.43"]
[White "Dubnikova, Anastasia"]
[Black "Odegov, Artem"]
[Result "0-1"]
[ECO "A61"]
[WhiteElo "1991"]
[BlackElo "2261"]
[Annotator "NA"]
[PlyCount "72"]
[EventDate "2019.07.31"]
[EventType "swiss"]
[EventCountry "RUS"]
[SourceTitle "playchess.com"]
[Source "ChessBase"]
[SourceQuality "1"]
[TimeControl "5400+30"]

1. d4 Nf6 2. c4 c5 3. d5 e6 4. Nc3 exd5 5. cxd5 d6 6. Nf3 g6 7. Bf4 Bg7 8. Qa4+ Bd7 9. Qb3 b5 10. Nxb5 Bxb5 11. Qxb5+ Nbd7 12. g3 Rb8 13. Qd3 Rxb2 14. Bg2 Nb6 15. Nd2 Nh5 16. Qe4+ Kf8 17. O-O Rb4 18. Qe3 Nxf4 19. gxf4 Bxa1 20. Rxa1 Qf6 21. Rd1 Qxf4 22. Qc3 Qd4 23. Qg3 Nc4 24. a3 Rb6 25. e3 Qc3 26. Ne4 Qe5 27. Qh4 Qe7 28. Qh6+ Kg8 29. h4 f5 30. Nxc5 dxc5 31. d6 Nxd6 32. Bd5+ Nf7 33. Bc4 g5 34. Qh5 Rg6 35. Kf1 Kg7 36. Qf3 Qe4 0-1

[Event "Eurasia Open Cup 2019"]
[Site "Ekaterinburg"]
[Date "2019.08.02"]
[Round "3.44"]
[White "Zasukhin, Vadim"]
[Black "Mamontova, Anastasia"]
[Result "1-0"]
[ECO "B17"]
[WhiteElo "2249"]
[BlackElo "1989"]
[Annotator "NA"]
[PlyCount "73"]
[EventDate "2019.07.31"]
[EventType "swiss"]
[EventCountry "RUS"]
[SourceTitle "playchess.com"]
[Source "ChessBase"]
[SourceQuality "1"]
[TimeControl "5400+30"]

1. e4 c6 2. d4 d5 3. Nc3 dxe4 4. Nxe4 Nd7 5. Bc4 Ngf6 6. Nxf6+ Nxf6 7. c3 e6 8. Nf3 Bd6 9. O-O Qc7 10. Qe2 O-O 11. Bg5 Nd5 12. Rfd1 Rb8 13. Bb3 b5 14. Rac1 c5 15. dxc5 Qxc5 16. Qe4 Bb7 17. Bc2 g6 18. Qh4 f6 19. Bh6 Rf7 20. Bb3 g5 21. Qd4 Qc7 22. h4 Bc5 23. Qg4 f5 24. Qxg5+ Kh8 25. Qd2 Rg8 26. Kf1 Rg6 27. h5 Rg4 28. Bc2 e5 29. Bb3 Rd7 30. Ng5 Ne3+ 31. fxe3 Rxd2 32. Rxd2 Rxg5 33. Bxg5 Be7 34. Bxe7 Qxe7 35. Rcd1 Bc6 36. h6 Be8 37. Rd8 1-0

[Event "Eurasia Open Cup 2019"]
[Site "Ekaterinburg"]
[Date "2019.08.02"]
[Round "3.45"]
[White "Morgachev, Sergey"]
[Black "Akhtariev, Andrey"]
[Result "1-0"]
[ECO "E11"]
[WhiteElo "1965"]
[BlackElo "2243"]
[Annotator "NA"]
[PlyCount "117"]
[EventDate "2019.07.31"]
[EventType "swiss"]
[EventCountry "RUS"]
[SourceTitle "playchess.com"]
[Source "ChessBase"]
[SourceQuality "1"]
[TimeControl "5400+30"]

1. d4 Nf6 2. c4 e6 3. g3 Bb4+ 4. Bd2 Qe7 5. Nf3 Nc6 6. Nc3 O-O 7. Bg2 d6 8. O-O a5 9. Qc2 h6 10. e4 Bxc3 11. Bxc3 e5 12. d5 Nb4 13. Qb1 Na6 14. Nd2 Nc5 15. b3 Nh7 16. f4 exf4 17. gxf4 f5 18. e5 dxe5 19. fxe5 Nf6 20. e6 g6 21. Qe1 Ra6 22. Qg3 Kh7 23. Bd4 b6 24. Rae1 Bb7 25. Qc3 Raa8 26. a3 Rae8 27. b4 axb4 28. axb4 Nce4 29. Nxe4 Nxe4 30. Bxe4 fxe4 31. Bf6 Qd6 32. Be5 Qe7 33. Bf6 Qd6 34. b5 Ra8 35. Qe5 Qc5+ 36. Qd4 Rxf6 37. Qxc5 Rxf1+ 38. Rxf1 bxc5 39. Rf7+ Kg8 40. Rxc7 Bc8 41. Rxc5 Kg7 42. Rc7+ Kf6 43. e7 Bh3 44. Kf2 Kf7 45. Ke3 Bf5 46. b6 Ra3+ 47. Kd4 Rd3+ 48. Kc5 Rb3 49. Ra7 e3 50. d6 Bg4 51. Ra8 Bd7 52. Rf8+ Ke6 53. e8=Q+ Bxe8 54. Rxe8+ Kd7 55. Re7+ Kd8 56. Kc6 Rb4 57. c5 Rb3 58. b7 g5 59. Rxe3 1-0

[Event "Eurasia Open Cup 2019"]
[Site "Ekaterinburg"]
[Date "2019.08.03"]
[Round "4.2"]
[White "Pridorozhni, Aleksei"]
[Black "Vokhidov, Shamsiddin"]
[Result "1-0"]
[ECO "B56"]
[WhiteElo "2586"]
[BlackElo "2515"]
[Annotator "ChessBase"]
[PlyCount "129"]
[EventDate "2019.07.31"]
[EventType "swiss"]
[EventCountry "RUS"]
[SourceTitle "playchess.com"]
[Source "ChessBase"]
[SourceQuality "1"]
[TimeControl "5400+30"]

1. e4 c5 2. Nf3 d6 3. d4 cxd4 4. Nxd4 Nf6 5. Nc3 a6 6. Nb3 Nc6 7. Be2 e6 8. g4 Be7 9. g5 Nd7 10. h4 b5 11. f4 Bb7 12. Bf3 b4 13. Ne2 Nb6 14. Ned4 Qc7 15. O-O Nxd4 16. Nxd4 Rc8 17. b3 d5 18. e5 Qc3 19. Rb1 g6 20. Kg2 Nd7 21. Bb2 Qc7 22. Rc1 Nc5 23. c3 Qb6 24. cxb4 Qxb4 25. a3 Qb6 26. b4 O-O 27. h5 Ne4 28. Rh1 Rxc1 29. Qxc1 Rc8 30. Qe1 Bf8 31. Be2 Rc4 32. Bxc4 dxc4 33. Nf3 c3 34. Bc1 Qc6 35. Qe3 Qc4 36. Rd1 Qa2+ 37. Kg1 Ng3 38. h6 Bd5 39. Re1 Qc4 40. Nd4 Ne4 41. Nc2 Nxg5 42. Rd1 Nf3+ 43. Kf2 Nh4 44. Rd3 Nf5 45. Qh3 Be4 46. Rxc3 Qa2 47. Rc8 Bxc2 48. Qc3 Be4+ 49. Ke1 Ne7 50. Re8 Qh2 51. f5 Qg1+ 52. Ke2 Qg2+ 53. Ke1 Bf3 54. Qd3 Qg3+ 55. Kd2 Qf2+ 56. Kc3 Qe1+ 57. Kb2 Bd5 58. f6 Nc6 59. Qc3 Qe2+ 60. Bd2 Bc4 61. Qe3 Qd1 62. b5 Bxb5 63. Bb4 Nxb4 64. Rxf8+ Kxf8 65. Qc5+ 1-0

[Event "Eurasia Open Cup 2019"]
[Site "Ekaterinburg"]
[Date "2019.08.03"]
[Round "4.3"]
[White "Bocharov, Ivan"]
[Black "Gleizerov, Evgeny"]
[Result "1/2-1/2"]
[ECO "A26"]
[WhiteElo "2559"]
[BlackElo "2498"]
[Annotator "ChessBase"]
[PlyCount "88"]
[EventDate "2019.07.31"]
[EventType "swiss"]
[EventCountry "RUS"]
[SourceTitle "playchess.com"]
[Source "ChessBase"]
[SourceQuality "1"]
[TimeControl "5400+30"]

1. c4 e5 2. d3 Nc6 3. Nf3 g6 4. Nc3 Bg7 5. g3 Nf6 6. Bg2 O-O 7. O-O d6 8. Rb1 a5 9. a3 Re8 10. b4 axb4 11. axb4 e4 12. Ng5 exd3 13. exd3 Nd4 14. h3 c6 15. b5 d5 16. bxc6 bxc6 17. cxd5 Nxd5 18. Nge4 Nxc3 19. Nxc3 Ba6 20. Ne4 Ne6 21. Bb2 Bxd3 22. Nf6+ Bxf6 23. Bxf6 Qxf6 24. Qxd3 Nd4 25. Qc4 Nf3+ 26. Bxf3 Qxf3 27. Rb3 Qf6 28. Kg2 Re6 29. Rf3 Qe5 30. Rd1 Rf6 31. Rxf6 Qxf6 32. Rc1 Rc8 33. Qc5 h5 34. h4 Qe6 35. Kh2 Qe4 36. Rc4 Qe1 37. Rc1 Qe2 38. Rc2 Qf3 39. Rc3 Qf6 40. Kg2 Kg7 41. Rc2 Qe6 42. Rc4 Rc7 43. Rc1 f6 44. Kh2 Qe7 1/2-1/2